 Dungeon Crawl Stone Soup version 0.32-a0-314-g526f7d4993 (webtiles) character file.

Game seed: 11982046199086662148

3448 Drazool the Arsonist (level 9, -21/74 HPs)
             Began as a Mountain Dwarf Fire Elementalist on Feb 15, 2024.
             Was an Initiate of Sif Muna.
             Demolished by Gastronok (34 damage)
             ... on level 8 of the Dungeon.
             The game lasted 00:33:01 (10118 turns).

Drazool the Arsonist (MDFE)                        Turns: 10118, Time: 00:33:02

Health: -21/74     AC: 10    Str: 11    XL:     9   Next: 77%
Magic:  5/18       EV:  9    Int: 26    God:    Sif Muna [......]
Gold:   591        SH:  0    Dex: 12    Spells: 7/20 levels left

rFire   . . .        v - +7 falchion "Qoanol" {pain, rPois Dex+2}
rCold   . . .        (no shield)
rNeg    . . .        r - +0 scale mail
rPois   +            (no helmet)
rElec   .            k - +2 cloak
rCorr   .            (no gloves)
SInv    .            (no boots)
Will    .....        w - amulet of regeneration Stlth
                     Y - +4 ring of slaying
HPRegen 1.12/turn    I - +6 ring of intelligence
MPRegen 0.16/turn

%: no passive effects
@: slowed, very slow
A: runic magic, artefact enchanting
a: Renounce Religion


You were on level 8 of the Dungeon.
You worshipped Sif Muna.
Sif Muna was noncommittal.
You visited 2 branches of the dungeon, and saw 9 of its levels.

You collected 591 gold pieces.


Innate Abilities, Weirdness & Mutations

Your spellcasting is much less encumbered by armour.
You can use scrolls of enchantment on lesser artefacts.


   Skills:
 - Level 5.0 Fighting
 - Level 6.0 Armour
 - Level 1.3 Dodging
 - Level 1.4 Stealth
 - Level 6.0 Spellcasting
 - Level 4.0 Conjurations
 - Level 3.0 Hexes
 + Level 2.1 Translocations
 - Level 8.0 Fire Magic
 - Level 5.7 Invocations


You had 7 spell levels left.
You knew the following spells:

 Your Spells              Type           Power      Damage    Failure   Level
f - Foxfire               Conj/Fire      100%       2x1d9     1%          1
r - Inner Flame           Hex/Fire       36%        N/A       3%          3
X - Scorch                Fire           98%        2d9       1%          2
Y - Volatile Blastmotes   Fire/Tloc      68%        2d15      3%          3
Z - Flame Wave            Conj/Fire      39%        2d11      9%          4

Your spell library contained the following spells:

 Spells                   Type           Power      Damage    Failure   Level
 Shock                    Conj/Air       72%        1d7       4%          1
 Sting                    Conj/Alch      72%        1d7       4%          1
 Mercury Vapours          Alch/Air       14%        N/A       16%         2
 Swiftness                Air            7%         N/A       30%         3
 Airstrike                Air            3%         2d(1-17)  69%         4
 Olgreb's Toxic Radiance  Alch           7%         N/A       69%         4
 Irradiate                Conj/Alch      9%         3d14      77%         5
 Ignition                 Fire           24%        3d8       100%        8

Inventory:

Hand Weapons
 v - the +7 falchion "Qoanol" (weapon) {pain, rPois Dex+2}
   (You found it on level 4 of the Dungeon)

   Dex+2:     It affects your dexterity (+2).
   rPois:     It protects you from poison
Armour
 a - a +0 robe
 e - a +1 pair of gloves
 k - a +2 cloak (worn)
 r - a +0 scale mail (worn)
Jewellery
 s - a +6 ring of strength
 w - an amulet of regeneration (around neck)
 I - a +6 ring of intelligence (right hand)
 N - a ring of positive energy
 S - a +6 ring of strength
 Y - a +4 ring of slaying (left hand)
Wands
 l - a wand of paralysis (13)
 n - a wand of acid (4)
 p - a wand of mindburst (11)
 C - a wand of digging (4)
Scrolls
 c - 2 scrolls of blinking
 i - a scroll of enchant weapon
 m - 3 scrolls of fog
 o - a scroll of poison {unknown}
 u - a scroll of brand weapon {unknown}
 x - a scroll of revelation
 y - a scroll of amnesia
Potions
 b - a potion of mutation {unknown}
 d - a potion of ambrosia
 h - a potion of heal wounds {unknown}
 q - a potion of attraction
 t - 2 potions of enlightenment
 A - a potion of brilliance
 B - a potion of degeneration {unknown}

Dungeon Overview and Level Annotations

Branches:
Dungeon (8/15)             Temple (1/1) D:7
   Lair: D:8-11

Altars:
Ashenzari
Cheibriados
Dithmenos
Elyvilon
Fedhas
Hepliaklqana
Kikubaaqudgha
Makhleb
Nemelex Xobeh
Okawaru
Ru
Sif Muna
Uskayaw
Vehumet
Wu Jian
Zin
The Shining One

Annotations:
D:5 1 exclusion, Dowan
D:6 2 transporters, asd2613's ghost, novice DsFi
D:8 Gastronok

##..ß...ß..###.# ######
##....)..##.#.# ##.....
####....(....# ##...... #
#####....## #....... #
##....######....... ########
#..#............... r...r..##
#..#..######.......
######..#######.)#...#####.......
##[.......w@................
#########)...##....##......
######..)#..#####.#.......
#..........>....#.........
................###.......
..........................
#...........(...###)......
#...)...........# ##......
#...............# ##..)..


You could see Gastronok (corroded).


Message History

Unknown command.
A wave of flame ripples out!
The flame wave engulfs Gastronok!
Gastronok is severely wounded.
Unknown command.
A wave of flame ripples out!
The flame wave engulfs Gastronok!
Gastronok is severely wounded.
The flame wave engulfs the orc wizard.
The orc wizard is moderately wounded.
You finish channelling waves of flame.
Gastronok bites you!!
* * * LOW HITPOINT WARNING * * *
Unknown command.
Casting: Flame Wave (dangerous; 9% risk of failure)
Confirm with . or Enter, or press ? or * to list all spells.
Casting: Flame Wave (dangerous; 9% risk of failure)
Press: ? - help, Dir - look around, f - activate A wave of flame ripples out!
The flame wave engulfs Gastronok!
Gastronok is severely wounded. (Press . to intensify the flame waves.) Gastronok bites you!!
* * * LOW HITPOINT WARNING * * *
The orc wizard barely misses you.
Unknown command.
A wave of flame ripples out!
The flame wave engulfs Gastronok!!
Gastronok is almost dead.
The flame wave engulfs the orc wizard!
You kill the orc wizard!
Sif Muna accepts your kill. Gastronok bites you!!
You die...
Gastronok gurgles, "About time.
I'm starving!"

Skill      XL: |  1  2  3  4  5  6  7  8  9 |
---------------+----------------------------+-----
Fire Magic     | 4 5 8 |  8.0
Conjurations   | 1 2 3 4 |  4.0
Spellcasting   | 2 3 4 5 6 |  6.0
Fighting       | 1 2 4 5 |  5.0
Armour         | 2 4 6 |  6.0
Translocations | 2 |  2.1
Hexes          | 2 3 |  3.0
Invocations    | 5 |  5.7
Dodging        | |  1.3
Stealth        | |  1.4

Action                     |  1- 3 |  4- 6 |  7- 9 || total
---------------------------+-------+-------+-------++-------
  Melee: Unarmed           |     1 |       |       ||     1
         Whip              |       |     5 |       ||     5
         Falchion          |       |     1 |    17 ||    18
   Cast: Foxfire           |    46 |   159 |   205 ||   410
         Scorch            |     3 |    21 |    32 ||    56
         Volatile Blastmot |       |       |    20 ||    20
         Flame Wave        |       |       |    11 ||    11
  Evoke: Wand              |       |       |     6 ||     6
    Use: Scroll            |     4 |     4 |     7 ||    15
         Potion            |       |       |     9 ||     9
 Armour: Robe              |     2 |    10 |       ||    12
         Scale mail        |       |    16 |    88 ||   104
         Skin              |       |       |    49 ||    49
  Dodge: Dodged            |     2 |    21 |    37 ||    60

Levels and vault maps discovered:
D:1:      dpeg_arrival_stonehenge_8_columns, layout_basic, moated_statue,
          minmay_misc_feat_enclosed, minmay_heptomino_w4
D:2:      layout_basic, minmay_goblin_kobold_house
D:3:      layout_loops_ring, grunt_temple_overflow_growth_and_decay,
          nicolae_hepliaklqana_monster_ancestors,
          shapermc_ecumenical_altar_mp_vishouse, uniq_robin, uniq_ijyb
D:4:      layout_gridville, serial_bayou_pond_d, kennysheep_cluttered_room,
          minmay_misc_feat_tiny
D:5:      layout_basic, demons_altar, nicolae_dithmenos_shadow_blocks,
          uniq_duvessa, uniq_edmund
D:6:      layout_loops_cross, nicolae_tso_besieged_by_evil,
          gammafunk_ghost_arena
D:7:      layout_rooms, mainiacjoe_overflow_surrounded_room,
          nicolae_overflow_crystal_walls, mainiacjoe_overflow_tiny_flanked,
          hellmonk_sif_muna_bookshelves, minmay_temple_entry_statues_pillars,
          chequers_jeans, nicolae_zig_zag_zippers
D:8:      layout_rooms, trog_antimagical, grunt_ministairs_10, st_stairs_14,
          nicolae_eternal_life, uniq_maggie, uniq_gastronok
Temple:   nicolae_temple_superstar

Notes
Turn   | Place    | Note
-------+----------+-------------------------------------------
     0 | D:1      | Drazool the Mountain Dwarf Fire Elementalist began the
                  | quest for the Orb.
     0 | D:1      | Reached XP level 1. HP: 14/14 MP: 3/3
   124 | D:1      | Reached skill level 4 in Fire Magic
   124 | D:1      | Reached skill level 1 in Conjurations
   175 | D:1      | Reached XP level 2. HP: 20/20 MP: 0/4
   304 | D:1      | Reached skill level 2 in Spellcasting
   378 | D:1      | Reached XP level 3. HP: 26/26 MP: 4/6
   460 | D:1      | Learned a level 2 spell: Scorch
  1258 | D:2      | Reached skill level 3 in Spellcasting
  1336 | D:2      | Reached skill level 1 in Fighting
  1336 | D:2      | Reached XP level 4. HP: 35/35 MP: 4/8
  1421 | D:2      | Reached skill level 2 in Fighting
  1421 | D:2      | Reached skill level 2 in Conjurations
  2091 | D:3      | Noticed Ijyb
  2177 | D:3      | Killed Ijyb
  2178 | D:3      | Reached XP level 5. HP: 41/41 MP: 4/10
  2530 | D:3      | Found a blossoming altar of Fedhas.
  2532 | D:3      | Found an ancient bone altar of Kikubaaqudgha.
  2542 | D:3      | You fall into a shaft and drop 3 floors!
  2548 | D:5      | Entered Level 5 of the Dungeon
  2664 | D:5      | Reached skill level 4 in Spellcasting
  2767 | D:4      | Reached skill level 1 in Armour
  3103 | D:3      | Found a faded altar of an unknown god.
  3229 | D:3      | Reached skill level 2 in Armour
  3488 | D:3      | Noticed Robin
  3542 | D:2      | Killed Robin
  3693 | D:3      | Found a hazy altar of Hepliaklqana.
  3698 | D:3      | Reached XP level 6. HP: 48/48 MP: 5/12
  3933 | D:4      | Learned a level 3 spell: Inner Flame
  3937 | D:4      | Learned a level 3 spell: Volatile Blastmotes
  3942 | D:4      | Learned a level 4 spell: Flame Wave
  4069 | D:4      | Reached skill level 5 in Fire Magic
  4439 | D:4      | Reached skill level 3 in Conjurations
  5193 | D:4      | Identified the +6 falchion "Qoanol" {pain, rPois Dex+2}
  5439 | D:5      | Reached XP level 7. HP: 52/55 MP: 3/13
  5555 | D:4      | Reached skill level 4 in Conjurations
  5631 | D:5      | Reached skill level 3 in Armour
  5667 | D:5      | Found a shadowy altar of Dithmenos.
  5791 | D:5      | Noticed Dowan
  6143 | D:5      | Reached skill level 4 in Armour
  6226 | D:5      | Noticed Edmund
  6251 | D:5      | Killed Edmund
  6252 | D:5      | Reached skill level 2 in Translocations
  6434 | D:5      | Found a burning altar of Makhleb.
  6495 | D:5      | Reached skill level 2 in Hexes
  6592 | D:6      | Noticed a yak
  6592 | D:6      | Noticed a vampire
  6593 | D:6      | Noticed asd2613's ghost (novice DsFi)
  6614 | D:6      | Reached XP level 8. HP: 61/61 MP: 9/14
  6772 | D:6      | Found a transporter.
  6786 | D:6      | Reached skill level 5 in Spellcasting
  6826 | D:6      | Reached skill level 3 in Fighting
  7041 | D:6      | Found a transporter.
  7288 | D:6      | Found a glowing golden altar of the Shining One.
  7553 | D:6      | Reached skill level 6 in Fire Magic
  7651 | D:6      | Reached skill level 3 in Hexes
  7890 | D:7      | Reached skill level 7 in Fire Magic
  7915 | D:7      | Reached skill level 8 in Fire Magic
  8111 | D:7      | Found a snail-covered altar of Cheibriados.
  8130 | D:7      | Found a hide-covered altar of Uskayaw.
  8157 | D:7      | Found a glowing silver altar of Zin.
  8195 | D:7      | Found a staircase to the Ecumenical Temple.
  8213 | D:7      | Reached skill level 4 in Fighting
  8341 | Temple   | Entered the Ecumenical Temple
  8404 | D:7      | Reached XP level 9. HP: 71/71 MP: 12/16
  8500 | D:7      | Reached skill level 5 in Armour
  8954 | D:7      | Found a shimmering blue altar of Sif Muna.
  8962 | D:7      | Became a worshipper of Sif Muna the Loreminder
  9089 | D:8      | Reached skill level 6 in Armour
  9096 | D:8      | Reached skill level 5 in Fighting
  9532 | D:8      | Reached skill level 6 in Spellcasting
  9532 | D:8      | Reached skill level 2 in Invocations
  9597 | D:8      | Noticed Gastronok
  9606 | D:8      | Noticed Maggie
  9733 | D:8      | Killed Maggie
  9734 | D:8      | Reached skill level 3 in Invocations
  9734 | D:8      | Reached skill level 4 in Invocations
  9850 | D:8      | Reached skill level 5 in Invocations
 10118 | D:8      | Demolished by Gastronok

Vanquished Creatures
  Maggie (D:8)
  Edmund (D:5)
  2 water moccasins
  An ice beast (D:6)
  An ogre (D:5)
  3 orc warriors
  A sky beast (D:8)
  A centaur (D:7)
  A kobold brigand (D:8)
  2 bullfrogs
  2 gnoll sergeants
  2 scorpions
  3 wights (D:6)
  4 killer bees
  A howler monkey (D:6)
  A bombardier beetle (D:2)
  A jelly (D:6)
  A hound (D:5)
  10 orc priests
  2 gnoll boudas (D:7)
  3 sleepcaps
  Ijyb (D:3)
  4 iguanas
  9 orc wizards
  Robin (D:2)
  14 gnolls
  6 adders
  2 white imps
  8 ufetubi
  A dart slug (D:4)
  A ribbon worm (D:2)
  35 orcs
  8 ball pythons
  11 endoplasms
  2 giant cockroaches
  18 goblins
  11 hobgoblins
  3 jackals (D:3)
  2 quokkas (D:1)
  8 bats
  3 frilled lizards
  A goblin skeleton (D:6)
  3 hobgoblin zombies (D:6)
  9 kobolds
  A kobold skeleton (D:6)
  3 kobold zombies (D:6)
  An orc skeleton (D:6)
  An orc zombie (D:6)
  5 rats
  A spectral hobgoblin (D:3)
217 creatures vanquished.

Vanquished Creatures (others)
  530 foxfires
530 creatures vanquished.

Grand Total: 747 creatures vanquished

Table legend: (Time is in decaauts)
 A = Elapsed time spent in this place.
 B = Non-inter-level travel time spent in this place.
 C = Inter-level travel time spent in this place.
 D = Time resting spent in this place.
 E = Time spent auto-exploring this place.
 F = Levels seen in this place.
 G = Mean time per level.
                   A        B        C        D        E       F      G
               +--------+--------+--------+--------+--------+-----+--------+
         Total |  10112 |   9456 |    656 |   1403 |   6371 |   9 | 1123.6 |
       Dungeon |  10106 |   9451 |    655 |   1403 |   6371 |   8 | 1263.2 |
        Temple |      5 |      5 |      0 |      0 |      0 |   1 |    5.0 |
               +--------+--------+--------+--------+--------+-----+--------+

Top non-repeatable levels by time:
     D:4: 1995 daAuts
     D:7: 1533 daAuts
     D:6: 1297 daAuts
     D:3: 1206 daAuts
     D:2: 1167 daAuts
     D:5: 1133 daAuts
     D:1: 1079 daAuts
     D:8: 692 daAuts
  Temple: 5 daAuts

Table legend:
 A = Non-vault XP
 B = Vault XP
 C = Vault XP percentage of total XP
 D = Non-vault monster count
 E = Vault monster count
 F = Vault count percentage of total count
                 A         B        C        D         E       F
            +---------+---------+-------+---------+---------+-------
      Total |    4009 |     953 |  19.2 |     169 |      48 |  22.1
            +---------+---------+-------+---------+---------+-------
        D:1 |      34 |      29 |  46.0 |      14 |      11 |  44.0
        D:2 |     102 |      34 |  25.0 |      12 |       7 |  36.8
        D:3 |      47 |      57 |  54.8 |      17 |       8 |  32.0
        D:4 |     328 |       0 |   0.0 |      36 |       0 |   0.0
        D:5 |     524 |     158 |  23.2 |      10 |       1 |   9.1
        D:6 |     901 |      32 |   3.4 |      25 |      11 |  30.6
        D:7 |    1177 |       0 |   0.0 |      37 |       0 |   0.0
        D:8 |     896 |     643 |  41.8 |      18 |      10 |  35.7
            +---------+---------+-------+---------+---------+-------
